 Dungeon Crawl Stone Soup version 0.29-a0-393-g47a863cc1b (console) character file.

Game seed: 7635905730355595656

57 lyriana the Skirmisher (level 3, 0/31 HPs)
             Began as a Demigod Wanderer on May 10, 2022.
             Slain by Ijyb
             ... wielding a +4 dagger
              (4 damage)
             ... on level 3 of the Dungeon.
             The game lasted 00:02:34 (1048 turns).

lyriana the Skirmisher (Demigod Wanderer)           Turns: 1048, Time: 00:02:35

Health: 0/31       AC:  6    Str: 14    XL:     3   Next: 50%
Magic:  5/5        EV:  9    Int: 11    God:
Gold:   71         SH:  0    Dex: 19    Spells: 2/2 levels left

rFire   + . .      SeeInvis .   a - +3 quarterstaff
rCold   + . .      Faith    .   (shield currently unavailable)
rNeg    . . .      Spirit   .   h - +0 scale mail
rPois   +          Reflect  .   (no helmet)
rElec   +          Harm     .   (no cloak)
rCorr   +          Rampage  .   (no gloves)
Will    .....                   (no boots)
Stlth   ..........              (no amulet)
HPRegen 0.10/turn               (no ring)
MPRegen 0.09/turn               (no ring)

@: resistant, invisible
A: high MP 1, forlorn, divine attributes
a: no special abilities


You were on level 3 of the Dungeon.
You visited 1 branch of the dungeon, and saw 3 of its levels.

You collected 71 gold pieces.

Inventory:

Hand Weapons
 a - a +3 quarterstaff (weapon)
Missiles
 b - 8 boomerangs (quivered)
Armour
 h - a +0 scale mail (worn)
Scrolls
 c - a scroll of identify
 f - a scroll of teleportation
 g - a scroll of blinking {unknown}
 n - a scroll of brand weapon {unknown}
 q - a scroll of immolation {unknown}
Potions
 i - 3 potions of ambrosia
 j - a potion of brilliance {unknown}
 k - a potion of haste
 l - a potion of mutation
 o - a potion of resistance
 p - a potion of flight {unknown}


   Skills:
 + Level 3.4 Fighting
 - Level 1.7 Staves
 - Level 2.6 Throwing
 - Level 2.6 Armour
 - Level 1.0 Evocations


You had 2 spell levels left.
You didn't know any spells.
Your spell library contained the following spells:

 Spells                   Type           Power      Damage    Failure   Level
 Blink                    Tloc           0%         N/A       91%         2
 Inner Flame              Hex/Fire       0%         N/A       99%         3
 Cause Fear               Hex            0%         N/A       100%        4
 Manifold Assault         Tloc           0%         N/A       100%        5
 Storm Form               Tmut/Air       0%         N/A       100%        7
 Discord                  Hex            0%         N/A       100%        8


Dungeon Overview and Level Annotations

Branches:
Dungeon (3/15)

Annotations:
D:3 Ijyb


Innate Abilities, Weirdness & Mutations

You have an increased reservoir of magic. (+10% MP)
You shall have no god before yourself.
Your divine heritage dramatically boosts your attributes as you level up.


Message History

Ijyb hits you with a +4 dagger.
You barely miss Ijyb.
Ijyb is heavily wounded.
Ijyb hits you with a +4 dagger.
Ijyb zaps a wand.
The puff of flame hits you!
* * * LOW HITPOINT WARNING * * *
You closely miss Ijyb.
Ijyb is heavily wounded.
Ijyb barely misses you.
It was a potion of resistance.
You feel protected. Ijyb hits you with a +4 dagger.
* * * LOW HITPOINT WARNING * * *
It was a potion of ambrosia.
You are confused.
You feel invigorated. Ijyb hits you with a +4 dagger.
* * * LOW HITPOINT WARNING * * *
You fade into invisibility!
Ijyb barely misses you.
Ijyb zaps a wand.
The puff of flame hits you. You resist.
* * * LOW HITPOINT WARNING * * *
Ijyb zaps a wand.
The puff of flame hits you. You resist.
* * * LOW HITPOINT WARNING * * *
You hit Ijyb.
Ijyb is heavily wounded.
You feel less invigorated.
You feel less confused.
Ijyb zaps a wand.
The puff of flame hits you. You resist.
You hit Ijyb but do no damage.
Ijyb is heavily wounded.
Ijyb hits you with a +4 dagger.
* * * LOW HITPOINT WARNING * * *
You hit Ijyb.
Ijyb is severely wounded.
Ijyb screams, "It's all mine!"
Ijyb completely misses you.
You catch the helpless Ijyb completely off-guard!
You hit Ijyb.
Ijyb is almost dead.
Ijyb closely misses you. Ijyb hits you with a +4 dagger.
You die...

............#
####........#
#........#
#........#
#........#
#######.##
#.# #.# #@#
#g# #.######
#.#....#
#.#....#####
#.'........#
###....###.#
#g.......##
#..........


You could see Ijyb (can't see you).

Vanquished Creatures
  An adder (D:2)
  A dart slug (D:1)
  3 orcs (D:3)
  6 bats
  7 endoplasms (D:1)
  4 goblins
  2 hobgoblins (D:1)
  4 jackals (D:1)
  3 kobolds (D:1)
  3 ball pythons (D:1)
  A frilled lizard (D:3)
  4 rats (D:1)
39 creatures vanquished.

Notes
Turn   | Place    | Note
-------+----------+-------------------------------------------
     0 | D:1      | lyriana the Demigod Wanderer began the quest for the Orb.
     0 | D:1      | lyriana set off with the following items: a +3
                  | quarterstaff, 8 boomerangs, a +0 dagger, a potion of
                  | invisibility, a +0 robe
     0 | D:1      | Reached XP level 1. HP: 16/16 MP: 3/3
   125 | D:1      | Reached skill level 2 in Fighting
   236 | D:1      | Reached XP level 2. HP: 24/24 MP: 4/4
   642 | D:1      | Reached XP level 3. HP: 28/30 MP: 5/5
   763 | D:1      | Reached skill level 3 in Fighting
   866 | D:2      | Noticed a scorpion
  1019 | D:3      | Noticed Ijyb
  1048 | D:3      | Slain by Ijyb

Illustrated notes

Levels and vault maps discovered:
D:1:      onia_arrival_handbag, layout_basic,
          hellmonk_ecumenical_altar_prayer_group
D:2:      layout_rooms
D:3:      cheibrodos_thug_alley, layout_basic, uniq_ijyb, uniq_terence

Skill      XL: |  1  2  3 |
---------------+----------+-----
Fighting       | 2 3 |  3.4
Staves         | |  1.7
Throwing       | |  2.6
Armour         | |  2.6
Evocations     | |  1.0

Action                   || total
-------------------------++-------
Melee: Quarterstaff      ||    72
Throw: Boomerang         ||     2
  Use: Scroll            ||     4
       Potion            ||     3
 Stab: Sleeping          ||     5
       Invisible         ||     1
Armor: Robe              ||    15
       Scale mail        ||     5
Dodge: Dodged            ||    40

Table legend: (Time is in decaauts)
 A = Elapsed time spent in this place.
 B = Non-inter-level travel time spent in this place.
 C = Inter-level travel time spent in this place.
 D = Time resting spent in this place.
 E = Time spent auto-exploring this place.
 F = Levels seen in this place.
 G = Mean time per level.
                   A        B        C        D        E       F      G
               +--------+--------+--------+--------+--------+-----+--------+
         Total |   1064 |    996 |     68 |    241 |    459 |   3 |  354.7 |
       Dungeon |   1064 |    996 |     68 |    241 |    459 |   3 |  354.7 |
               +--------+--------+--------+--------+--------+-----+--------+

Top non-repeatable levels by time:
     D:1: 811 daAuts
     D:3: 148 daAuts
     D:2: 104 daAuts
